 Dungeon Crawl Stone Soup version 0.27-a0-1291-geefcff550b (webtiles) character file.

Game seed: 9829036413116175516

92 bilbop the Chopper (level 4, -2/41 HPs)
             Began as a Hill Orc Monk on June 16, 2021.
             Was a Believer of Beogh.
             Slain by Sigmund (9 damage)
             ... on level 3 of the Dungeon.
             The game lasted 00:10:11 (2331 turns).

bilbop the Chopper (Hill Orc Monk)                  Turns: 2331, Time: 00:10:12

Health: -2/41      AC:  9    Str: 14    XL:     4   Next: 60%
Magic:  4/4        EV:  6    Int: 10    God:    Beogh [**....]
Gold:   54         SH:  0    Dex: 13    Spells: 3/3 levels left

rFire    + . .     SeeInvis .   a - +0 war axe
rCold    . . .     Faith    .   (no shield)
rNeg     . . .     Spirit   .   t - +0 chain mail
rPois    .         Reflect  .   (no helmet)
rElec    .         Harm     .   (no cloak)
rCorr    .         Rampage  .   r - +0 pair of gloves
Will     .....                  (no boots)
Stlth    ..........             (no amulet)
HPRegen  0.13/turn              h - ring of protection from fire
MPRegen  0.09/turn              k - +4 ring of slaying

@: no status effects
A: no striking features
a: Renounce Religion, Smiting


You were on level 3 of the Dungeon.
You worshipped Beogh.
Beogh was pleased with you.
You visited 1 branch of the dungeon, and saw 3 of its levels.

You collected 54 gold pieces.

Inventory:

Hand Weapons
 a - a +0 war axe (weapon)
 b - a +0 hunting sling
 l - a +0 hand axe
Missiles
 g - 5 atropa-tipped darts (quivered)
 p - 38 sling bullets
Armour
 d - a +0 ring mail
 e - a +0 robe
 r - a +0 pair of gloves (worn)
 t - a +0 chain mail (worn)
Jewellery
 h - a ring of protection from fire (left hand)
 k - a +4 ring of slaying (right hand)
Wands
 s - a wand of polymorph (10)
Scrolls
 c - a scroll of blinking {unknown}
 f - a scroll of acquirement {unknown}
 m - a scroll of identify {unknown}
 n - a scroll of teleportation {unknown}
 o - a scroll of enchant armour {unknown}
Potions
 i - a potion of might {unknown}
 j - a potion of haste {unknown}
 q - a potion of curing {unknown}


   Skills:
 + Level 4.3 Fighting
 + Level 4.7 Axes
 + Level 1.1 Slings
 + Level 1.8 Armour
 - Level 2.4 Dodging
 + Level 2.3 Stealth
 + Level 0.2 Invocations


You had 3 spell levels left.
You didn't know any spells.
Your spell library was empty.

Dungeon Overview and Level Annotations

Branches:
Dungeon (3/15)

Altars:
Nemelex Xobeh
Uskayaw

Annotations:
D:3 Sigmund


Message History

You see here a +0 chain mail.
t - a +0 chain mail You start removing your armour.
You continue taking off your +0 ring mail. x4
You finish taking off your +0 ring mail.
You start putting on your armour.
You continue putting on your +0 chain mail. x5
You finish putting on your +0 chain mail.
Found a hide-covered altar of Uskayaw.
Sigmund the Dreaded comes into view.
He is wielding a +1 vampiric scythe.
Sigmund shouts!
Sigmund points at you and mumbles some strange words.
You are confused.
Sigmund casts a spell at you. You resist with some effort.
Sigmund gestures wildly while chanting.
Sigmund flickers and vanishes!
Deactivating autopickup; reactivate with Ctrl-A.
You bump into the rock wall.
You feel less confused.
Items here: )) [ †.
A magic dart appears from out of thin air!
The magic dart hits you!
You open the door.
There is an open door here.
You close the door.
Something unseen opens the door.
Something hits you. Something hits you but does no damage.
There is an open door here.
You barely miss something.
You hear some strange, mumbled words.
A magic dart appears from out of thin air!
The magic dart hits you! Something hits you!
You closely miss something. Something hits you!
* * * LOW HITPOINT WARNING * * *
You closely miss something.
Sigmund appears from thin air!
Reactivating autopickup.
Sigmund hits you with a +1 vampiric scythe!
You die...

.# #.# #.#..# ..... .#
#.# #.#..# .... ## #.#
#.##.####### # #.#
#{.......... # #.#
#.)...##.#.# #####.#
#...#.#
....#.#############...#.#
###'#............##)).#.#
......##########@##.###.#
.<.....## #....@..# ..
........#####.......# ..
....#...........>...#
...###....###.......#
..#'#'#....##.......#
.###.###...##.......#
###._.###..###....#.#
.###.###...# ###..#.#


You could see Sigmund.

Vanquished Creatures
  Terence (D:3)
  A gnoll (D:1)
  A dart slug (D:1)
  7 orcs (D:3)
  An endoplasm (D:2)
  A giant cockroach (D:3)
  3 hobgoblins
  4 jackals (D:1)
  5 kobolds
  A quokka (D:1)
  3 ball pythons
  8 bats
  2 frilled lizards
  3 goblins
  4 rats
45 creatures vanquished.

Vanquished Creatures (others)
  An orc priest (D:3)
  An orc (D:3)
  A kobold (D:3)
3 creatures vanquished.

Grand Total: 48 creatures vanquished

Notes
Turn   | Place    | Note
-------+----------+-------------------------------------------
     0 | D:1      | bilbop the Hill Orc Monk began the quest for the Orb.
     0 | D:1      | Reached XP level 1. HP: 19/19 MP: 1/1
    23 | D:1      | You fall into a shaft and drop 1 floor!
   286 | D:1      | Reached XP level 2. HP: 16/27 MP: 2/2
   493 | D:1      | Reached skill level 1 in Armour
   676 | D:1      | Reached XP level 3. HP: 30/33 MP: 3/3
  1503 | D:2      | Found a faded altar of an unknown god.
  1504 | D:2      | Noticed an eye of devastation
  1508 | D:2      | Noticed a shining eye
  1508 | D:2      | Noticed a golden eye
  1508 | D:2      | Noticed a floating eye
  1898 | D:3      | Noticed Terence
  1905 | D:3      | Killed Terence
  1906 | D:3      | Reached skill level 1 in Slings
  1906 | D:3      | Reached XP level 4. HP: 36/40 MP: 4/4
  1946 | D:3      | Became a worshipper of Beogh the Brigand
  1946 | D:3      | Reached * piety under Beogh
  1946 | D:3      | Reached ** piety under Beogh
  2172 | D:3      | Found a sparkling altar of Nemelex Xobeh.
  2297 | D:3      | Found a hide-covered altar of Uskayaw.
  2298 | D:3      | Noticed Sigmund
  2331 | D:3      | Slain by Sigmund

Illustrated notes

Levels and vault maps discovered:
D:1:      minmay_arrival_jagged, layout_rooms, kennysheep_pointless_box,
          serial_park_tiny_2
D:2:      layout_basic, hellmonk_ecumenical_altar_watching_god,
          minmay_tetromino_l2
D:3:      layout_basic, nemelex_diamond_rough_becter, lemuel_tele_altar,
          minmay_misc_feat_four_crosses, serial_park_tiny_pond, uniq_sigmund,
          uniq_terence

Skill      XL: |  1  2  3 |
---------------+----------+-----
Armour         | 1 |  1.8
Fighting       | 4 |  4.3
Stealth        | 2 |  2.3
Slings         | 1 |  1.1
Axes           | |  4.7
Dodging        | |  2.4
Invocations    | |  0.2

Action                   |  1- 3 |  4- 6 || total
-------------------------+-------+-------++-------
Melee: Hand axe          |    87 |       ||    87
       War axe           |    24 |    32 ||    56
Invok: Convert to Beogh  |       |     1 ||     1
 Stab: Sleeping          |     3 |       ||     3
Armor: Ring mail         |    62 |    13 ||    75
       Robe              |     1 |       ||     1
       Chain mail        |       |     1 ||     1
Dodge: Dodged            |   105 |    14 ||   119

Table legend: (Time is in decaauts)
 A = Elapsed time spent in this place.
 B = Non-inter-level travel time spent in this place.
 C = Inter-level travel time spent in this place.
 D = Time resting spent in this place.
 E = Time spent auto-exploring this place.
 F = Levels seen in this place.
 G = Mean time per level.
                   A        B        C        D        E       F      G
               +--------+--------+--------+--------+--------+-----+--------+
         Total |   2351 |   2253 |     98 |      0 |   1854 |   3 |  783.7 |
       Dungeon |   2351 |   2253 |     98 |      0 |   1854 |   3 |  783.7 |
               +--------+--------+--------+--------+--------+-----+--------+

Top non-repeatable levels by time:
     D:1: 999 daAuts
     D:2: 833 daAuts
     D:3: 518 daAuts
